[Event "Titled Tuesday Blitz July 05 Late 2022"]
[White "Oparin, Grigoriy"]
[Black "Eljanov, Pavel"]
[WhiteFideId "24125890"]
[BlackFideId "14102951"]
[WhiteElo "2639"]
[BlackElo "2601"]
[Result "1-0"]
[Round "04"]
[TimeControl "180+1"]
[Date "2022.07.05"]
[WhiteClock "0:00:18"]
[BlackClock "0:00:32"]

1. d4 Nf6 2. c4 e6 3. Nf3 d5 4. g3 Bb4+ 5. Bd2 Be7 6. Bg2 O-O 7. O-O Nbd7 8. Bc3 c6 9. Nbd2 b6 10. b4 Bb7 11. Qb3 Ne4 12. Nxe4 dxe4 13. Nd2 f5 14. c5 Rf6 15. f3 exf3 16. Nxf3 Qc7 17. Rae1 Ba6 18. a4 h6 19. b5 Bb7 20. e4 fxe4 21. Rxe4 Nf8 22. Ne5 Rxf1+ 23. Kxf1 cxb5 24. c6 Bxc6 25. Nxc6 Qxc6 26. Rg4 Qe8 27. Bxa8 Qxa8 28. d5 g5 29. axb5 exd5 30. Rd4 Qc8 31. Qxd5+ Qe6 32. Qxe6+ Nxe6 33. Re4 Kf7 34. Kg2 Nc7 35. Re5 Bd6 36. Rf5+ Ke7 37. g4 Ke6 38. Bg7 h5 39. Rxg5 hxg4 40. Rxg4 Nxb5 41. h4 Nc7 42. h5 1-0


[Site "https://www.chess.com"]

[Event "Titled Tuesday Blitz July 05 Late 2022"]
[White "Pakleza, Zbigniew"]
[Black "Tatarinov, Dmitry"]
[WhiteFideId "1119290"]
[BlackFideId "24160067"]
[WhiteElo "2467"]
[BlackElo "2302"]
[Result "1-0"]
[Round "04"]
[TimeControl "180+1"]
[Date "2022.07.05"]
[WhiteClock "0:00:30"]
[BlackClock "0:01:02"]

1. d4 d5 2. Bf4 Nf6 3. e3 e6 4. Nd2 c5 5. c3 Bd6 6. Bg3 O-O 7. Ngf3 Qc7 8. Ne5 Nc6 9. f4 Ne7 10. Bd3 Nf5 11. Bf2 b6 12. g4 Ne7 13. g5 Nd7 14. Qf3 Bb7 15. O-O Nf5 16. Qh3 f6 17. gxf6 gxf6 18. Nef3 Rf7 19. Kh1 Nf8 20. Rg1+ Kh8 21. Nh4 Nxh4 22. Bxh4 e5 23. fxe5 fxe5 24. Raf1 e4 25. Be2 Bc8 26. Qg2 Ng6 27. Bf6+ Kg8 28. Bh5 Rg7 29. Bxg7 Qxg7 30. Bxg6 hxg6 31. Qxg6 1-0


[Site "https://www.chess.com"]

[Event "Titled Tuesday Blitz July 05 Late 2022"]
[White "Palchuk, Andrii"]
[Black "Vakhlamov, Igor L."]
[WhiteFideId "14176688"]
[BlackFideId "24126748"]
[WhiteElo "2338"]
[BlackElo "2401"]
[Result "0-1"]
[Round "04"]
[TimeControl "180+1"]
[Date "2022.07.05"]
[WhiteClock "0:00:03"]
[BlackClock "0:00:16"]

1. e4 c5 2. Nf3 Nc6 3. g3 Nf6 4. d3 d5 5. Nbd2 g6 6. Bg2 Bg7 7. O-O O-O 8. Re1 e6 9. exd5 exd5 10. Nb3 b6 11. d4 Ne4 12. Ne5 Nxe5 13. dxe5 Bb7 14. f3 Ng5 15. f4 Ne4 16. Bxe4 dxe4 17. Be3 f6 18. exf6 Qxf6 19. c3 Rad8 20. Nd2 Rd3 21. Qa4 Rfd8 22. Nf1 a6 23. Rad1 Qf7 24. Rd2 h5 25. Rf2 b5 26. Qc2 Qf5 27. Kg2 Bf6 28. Qe2 Kg7 29. Kg1 Bc8 30. Qc2 h4 31. a4 Rh8 32. axb5 axb5 33. Qe2 Rh5 34. Ra1 Qd7 35. Bxc5 Rxc5 36. Qxe4 Rcd5 37. f5 gxf5 38. Qf4 Bb7 39. Ra7 Rd1 40. Qf3 b4 41. gxh4 bxc3 42. Rg2+ Kf8 43. Qh5 Bd4+ 44. Kh1 Rxf1+ 45. Rg1 Rxg1# 0-1


[Site "https://www.chess.com"]

[Event "Titled Tuesday Blitz July 05 Late 2022"]
[White "Plazuelo Pascual, Juan"]
[Black "Storme, Isak"]
[WhiteFideId "32059566"]
[BlackFideId "1728113"]
[WhiteElo "2416"]
[BlackElo "2205"]
[Result "0-1"]
[Round "04"]
[TimeControl "180+1"]
[Date "2022.07.06"]
[WhiteClock "0:00:36"]
[BlackClock "0:00:05"]

1. e4 c6 2. d4 d5 3. exd5 cxd5 4. Bd3 Nc6 5. c3 Nf6 6. Bf4 Bg4 7. Qb3 e5 8. dxe5 Nh5 9. Be3 Nxe5 10. Bb5+ Nc6 11. h3 Be6 12. Qa4 Bd6 13. Bxc6+ bxc6 14. Qxc6+ Kf8 15. Bc5 Bxc5 16. Qxc5+ Kg8 17. Ne2 Rc8 18. Qxa7 Qg5 19. g3 Re8 20. Qe3 Qg6 21. Nd2 Bd7 22. Qf3 Bb5 23. c4 dxc4 24. O-O-O Ba4 25. b3 cxb3 26. axb3 Bc6 27. Qg4 Bxh1 28. Nc3 Bc6 29. b4 Nf6 30. Qc4 Bd7 31. b5 Rc8 32. Qd4 Bxb5 33. Kb2 Be8 34. Nc4 h6 35. Ne5 Qf5 36. f4 Kh7 37. g4 Rb8+ 38. Kc1 Qe6 39. Qd3+ g6 40. Re1 Qb3 41. Kd2 Bb5 42. Nxb5 Qxd3+ 43. Kxd3 Rxb5 44. Nxf7 Rf8 45. Re7 Nd5 46. Ra7 Kg7 47. Nd6+ Kf6 48. Nxb5 Nxf4+ 49. Ke4 Nxh3 50. Nd6 Ng5+ 51. Ke3 Rd8 52. Ra6 Ne6 53. Ne4+ Ke7 54. Ra7+ Rd7 55. Ra1 Rb7 56. Rh1 Rb3+ 57. Ke2 Nf4+ 58. Kd2 h5 59. gxh5 gxh5 60. Rxh5 Nxh5 61. Nc5 Rh3 62. Ne4 Nf4 63. Ng5 Rd3+ 64. Kc2 Rd5 65. Ne4 Ne6 66. Nc3 Rc5 67. Kb3 Nd4+ 68. Kb4 Rc8 69. Nd5+ Kd6 70. Ne3 Nc2+ 0-1


[Site "https://www.chess.com"]

[Event "Titled Tuesday Blitz July 05 Late 2022"]
[White "Poltorak, Sebastian"]
[Black "Rosen, Eric"]
[WhiteFideId "1199498"]
[BlackFideId "2032562"]
[WhiteElo "2104"]
[BlackElo "2362"]
[Result "1-0"]
[Round "04"]
[TimeControl "180+1"]
[Date "2022.07.06"]
[WhiteClock "0:00:19"]
[BlackClock "0:00:08"]

1. d4 d5 2. c4 e6 3. Nc3 Nf6 4. cxd5 exd5 5. Bg5 c6 6. e3 Bd6 7. Bd3 h6 8. Bh4 O-O 9. Nge2 Re8 10. h3 a5 11. O-O Na6 12. Bg3 Nc7 13. a3 Ne6 14. Qc2 Ng5 15. Bxd6 Qxd6 16. f4 Nge4 17. Rae1 b5 18. g4 Bd7 19. Nxe4 Nxe4 20. Nc3 f5 21. Bxe4 fxe4 22. Ne2 Qe7 23. f5 Qg5 24. Ng3 Rf8 25. Qg2 Rac8 26. Rf4 c5 27. dxc5 Rxc5 28. Ref1 b4 29. axb4 axb4 30. Qh2 Bb5 31. R1f2 Rc1+ 32. Kg2 Qh4 33. f6 Rxf6 34. Rxf6 gxf6 35. Nf5 Qxf2+ 36. Kxf2 Rc2+ 37. Kg3 Rxh2 38. Kxh2 Bd7 39. Ne7+ Kf7 40. Nxd5 b3 41. Kg3 Ke6 42. Nc3 Ke5 43. Ne2 Be6 44. Nf4 Bf7 45. Kh4 f5 46. g5 hxg5+ 47. Kxg5 Be6 48. Nxe6 Kxe6 49. h4 Ke5 50. h5 f4 51. exf4+ Ke6 52. h6 e3 53. h7 e2 54. h8=Q e1=Q 55. Qe8+ Kd5 56. Qxe1 Kc4 57. Qc3+ Kd5 58. Qxb3+ Ke4 59. Qc4+ Kf3 60. b4 Kg3 61. b5 Kh3 62. b6 Kh2 63. b7 Kh3 64. b8=Q Kg3 65. Qbb3+ Kf2 66. Qcc2+ Ke1 67. Qbb1# 1-0


[Site "https://www.chess.com"]

[Event "Titled Tuesday Blitz July 05 Late 2022"]
[White "Przybylski, Wojciech"]
[Black "Kosteniuk, Alexandra"]
[WhiteFideId "1117599"]
[BlackFideId "4128125"]
[WhiteElo "2133"]
[BlackElo "2469"]
[Result "1-0"]
[Round "04"]
[TimeControl "180+1"]
[Date "2022.07.05"]
[WhiteClock "0:00:02"]
[BlackClock "0:00:09"]

1. d4 f5 2. Nf3 Nf6 3. g3 g6 4. Bg2 Bg7 5. O-O O-O 6. Re1 d6 7. c3 h6 8. Nbd2 g5 9. e4 fxe4 10. Nxe4 Nxe4 11. Rxe4 Nd7 12. Qb3+ Kh8 13. Bxg5 Nf6 14. Rh4 Ng8 15. Re1 Qe8 16. Qc2 Bf5 17. Qd2 Qg6 18. Be3 Rae8 19. Rf4 Bc2 20. Nh4 Qd3 21. Qxd3 Bxd3 22. Rxf8 Rxf8 23. b3 c6 24. Bf4 Bf6 25. Rd1 Bh7 26. Be3 Bxh4 27. gxh4 a5 28. Re1 Kg7 29. d5 c5 30. c4 b6 31. Bd2 Bf5 32. Re3 Re8 33. Rf3 Bb1 34. Rg3+ Kh7 35. Bc3 Nf6 36. Re3 Kg7 37. Rg3+ Kh7 38. Re3 Kg7 39. Re2 Kf7 40. Bf3 Rg8+ 41. Kh1 Bd3 42. Re3 Bf5 43. Bg2 Ng4 44. Rf3 Kg6 45. h3 Nf6 46. Rg3+ Kf7 47. Bf3 Ra8 48. Bd1 Bb1 49. a4 Be4+ 50. f3 Bf5 51. Kg2 Nh5 52. Rg4 Bxg4 53. hxg4 Nf4+ 54. Kf2 Ng6 55. h5 Ne5 56. Ke3 Nd7 57. Bd2 Nf6 58. Kf4 Kg7 59. Kf5 Rf8 60. Ke6 Ng8 61. Bc3+ Kh7 62. Bc2+ 1-0


[Site "https://www.chess.com"]

[Event "Titled Tuesday Blitz July 05 Late 2022"]
[White "Raja Rithvik R"]
[Black "Sargsyan, Anna M."]
[WhiteFideId "35007394"]
[BlackFideId "13308130"]
[WhiteElo "2255"]
[BlackElo "2271"]
[Result "0-1"]
[Round "04"]
[TimeControl "180+1"]
[Date "2022.07.05"]
[WhiteClock "0:00:05"]
[BlackClock "0:00:15"]

1. Nf3 d5 2. g3 Nf6 3. Bg2 g6 4. O-O Bg7 5. d4 O-O 6. c4 c6 7. b3 Ne4 8. Bb2 Nd7 9. Nc3 Ndf6 10. e3 Nxc3 11. Bxc3 Ne4 12. Bb2 Be6 13. Qe2 Re8 14. Rfc1 Rc8 15. Ne5 Nd6 16. a4 dxc4 17. bxc4 f6 18. Nf3 Bf7 19. Nd2 e5 20. dxe5 fxe5 21. c5 Nf5 22. Ne4 Rf8 23. g4 Nh4 24. Bh1 Bd5 25. Rd1 Qc7 26. Ng5 Qe7 27. e4 Bb3 28. Rd3 Bc4 29. Rd7 Qxd7 30. Qxc4+ Kh8 31. Qe6 Qd2 32. Nf7+ Rxf7 33. Qxf7 Rf8 34. Qxf8+ Bxf8 35. Bxe5+ Kg8 36. Rb1 Bxc5 37. Bg3 g5 38. e5 Qc2 39. Re1 Bb4 40. Rf1 Ng6 41. Bg2 Qe2 42. Rb1 a5 43. Bf1 Qe4 44. Rc1 Nxe5 45. Bxe5 Qxe5 46. Rd1 Bd6 47. h3 Qh2# 0-1


[Site "https://www.chess.com"]

[Event "Titled Tuesday Blitz July 05 Late 2022"]
[White "Reprintsev, Alexander"]
[Black "Rustemov, Alexander"]
[WhiteFideId "14100541"]
[BlackFideId "4119002"]
[WhiteElo "2108"]
[BlackElo "2728"]
[Result "0-1"]
[Round "04"]
[TimeControl "180+1"]
[Date "2022.07.06"]
[WhiteClock "0:00:01"]
[BlackClock "0:00:50"]

1. e4 c5 2. b3 Nc6 3. Bb2 Nf6 4. e5 Nd5 5. Nf3 e6 6. g3 Nde7 7. d4 cxd4 8. Nxd4 Qa5+ 9. Qd2 Qxe5+ 10. Be2 Nf5 11. c3 d5 12. Nxc6 bxc6 13. c4 d4 14. O-O c5 15. Bf3 Rb8 16. Qa5 Be7 17. Qxa7 O-O 18. Nd2 Bb7 19. Bxb7 Qc7 20. Nf3 Rxb7 21. Qa6 Ra7 22. Qb5 Rb8 23. g4 Rxb5 24. cxb5 Nd6 25. a4 f6 26. Rfc1 e5 27. b4 c4 28. Bxd4 exd4 29. Nxd4 Qd7 30. b6 Qxg4+ 31. Kf1 Rd7 32. Nc6 Qh3+ 33. Kg1 Qg4+ 34. Kf1 Ne4 35. Nxe7+ Rxe7 36. Rc2 Qf3 0-1


[Site "https://www.chess.com"]

[Event "Titled Tuesday Blitz July 05 Late 2022"]
[White "Riehle, Marco"]
[Black "He, Anthony"]
[WhiteFideId "12904392"]
[BlackFideId "2088215"]
[WhiteElo "2462"]
[BlackElo "2409"]
[Result "1-0"]
[Round "04"]
[TimeControl "180+1"]
[Date "2022.07.05"]
[WhiteClock "0:00:23"]
[BlackClock "0:00:15"]

1. e4 d5 2. exd5 Qxd5 3. Nc3 Qd8 4. d4 Nf6 5. Nf3 c6 6. Bc4 Bf5 7. Bd2 e6 8. Qe2 Nbd7 9. O-O-O Be7 10. Ne5 Nxe5 11. dxe5 Nd5 12. g4 Bg6 13. Nxd5 exd5 14. Bd3 Qd7 15. f4 Bxd3 16. Qxd3 O-O-O 17. f5 Bc5 18. Bf4 Rhe8 19. h4 Bb6 20. Rde1 Bc7 21. Bg5 Bxe5 22. Bxd8 Qxd8 23. Kb1 Kb8 24. g5 Qd6 25. a3 a5 26. Re2 f6 27. Rhe1 Rc8 28. h5 c5 29. Rd1 Rd8 30. Qb5 fxg5 31. Rde1 Bf6 32. Re8 g4 33. Qxa5 g3 34. Rxd8+ Bxd8 35. Re8 Kc8 36. Qa8+ Kc7 37. Qa5+ Kc8 38. Rg8 g2 39. Qa8+ Kc7 40. Rxg7+ Be7 41. Qa5+ Kc6 42. Rxg2 Qe5 43. Qa4+ Kb6 44. Qb3+ Ka7 45. Qd3 Bf6 46. c3 Kb6 47. Re2 c4 48. Rxe5 cxd3 49. Re6+ 1-0


[Site "https://www.chess.com"]

[Event "Titled Tuesday Blitz July 05 Late 2022"]
[White "Rios Escobar, Adan"]
[Black "Arnold, Ken"]
[WhiteFideId "3403645"]
[BlackFideId "2056836"]
[WhiteElo "2484"]
[BlackElo "2293"]
[Result "1-0"]
[Round "04"]
[TimeControl "180+1"]
[Date "2022.07.06"]
[WhiteClock "0:00:06"]
[BlackClock "0:00:04"]

1. d4 Nf6 2. g3 e6 3. c4 d5 4. Nf3 Nbd7 5. Bg2 Be7 6. O-O O-O 7. Qc2 Ne4 8. b3 c6 9. Ba3 Bxa3 10. Nxa3 Qa5 11. Qb2 Ndf6 12. Nc2 Qc3 13. Qxc3 Nxc3 14. Rfe1 dxc4 15. bxc4 Rd8 16. e3 Bd7 17. Ne5 Be8 18. c5 Nfd5 19. a4 a5 20. Ra3 f6 21. Nc4 f5 22. f3 Bg6 23. e4 fxe4 24. fxe4 Nb4 25. Rxc3 Nxc2 26. Rxc2 Rxd4 27. Ne5 Rxa4 28. Nxg6 hxg6 29. Rb1 Rb4 30. Rcb2 Rxb2 31. Rxb2 Ra7 32. Rf2 a4 33. Bh3 a3 34. Bxe6+ Kh7 35. Ba2 Ra5 36. Rc2 g5 37. e5 Kg6 38. e6 Kf6 39. Kf2 Ke7 40. Kf3 Ra4 41. Rd2 Rb4 42. Ke3 Rb5 43. Kd4 Rb4+ 44. Kc3 Rb5 45. Kc4 b6 46. cxb6 Rxb6 47. Kc5 Rb2 48. Rxb2 axb2 49. Kxc6 b1=Q 50. Bxb1 Kxe6 51. Kc5 Ke5 52. Kc4 g4 53. Bh7 Kf6 54. Kd3 g6 55. Bg8 Kg7 56. Bb3 Kf6 57. Ke4 Kg5 58. Ke5 Kh5 59. Kf4 g5+ 60. Kf5 Kh6 61. Kxg4 Kg6 62. Bc2+ Kh6 63. Bb1 1-0


[Site "https://www.chess.com"]

[Event "Titled Tuesday Blitz July 05 Late 2022"]
[White "Romanchuk, Viktor"]
[Black "Goncalves, Davi Sulzbacher"]
[WhiteFideId "14109271"]
[BlackFideId "2154510"]
[WhiteElo "2242"]
[BlackElo "2107"]
[Result "1/2-1/2"]
[Round "04"]
[TimeControl "180+1"]
[Date "2022.07.06"]
[WhiteClock "0:00:15"]
[BlackClock "0:00:16"]

1. d4 Nf6 2. c4 e6 3. Nc3 c5 4. d5 exd5 5. cxd5 g6 6. e4 d6 7. f4 Bg7 8. Nf3 O-O 9. Be2 Re8 10. Nd2 a6 11. a4 Nbd7 12. O-O Rb8 13. Kh1 Nb6 14. Bf3 Bd7 15. a5 Nc8 16. Nc4 Bb5 17. Qb3 b6 18. axb6 Nxb6 19. Nxb6 Rxb6 20. Nxb5 Rxb5 21. Qc2 Qb6 22. Ra2 Rb4 23. Bd2 Nxe4 24. Bxb4 cxb4 25. Bxe4 b3 26. Qc6 Qxc6 27. dxc6 bxa2 28. Bd5 Rc8 29. Ra1 Re8 30. g3 Bxb2 31. Rxa2 Re1+ 32. Kg2 Re2+ 33. Kf3 Rxh2 34. c7 Rc2 35. Rxb2 Rxc7 36. Rb6 Ra7 37. Rxd6 a5 38. Rd8+ Kg7 39. Ra8 Rxa8 40. Bxa8 h5 41. Bd5 f6 42. Bb3 f5 43. Ke3 Kf6 44. Ba4 g5 45. fxg5+ Kxg5 46. Kf3 h4 47. gxh4+ Kxh4 48. Kf4 Kh5 49. Kxf5 Kh6 50. Ke5 Kg7 51. Kd5 Kf8 52. Kc5 Ke7 53. Kb5 Kd6 54. Kxa5 1/2-1/2


[Site "https://www.chess.com"]

[Event "Titled Tuesday Blitz July 05 Late 2022"]
[White "Rostovtsev, Dmitry"]
[Black "Shuvalova, Polina"]
[WhiteFideId "34278320"]
[BlackFideId "24171760"]
[WhiteElo "2232"]
[BlackElo "2330"]
[Result "0-1"]
[Round "04"]
[TimeControl "180+1"]
[Date "2022.07.05"]
[WhiteClock "0:00:33"]
[BlackClock "0:02:08"]

1. d4 Nf6 2. c4 e6 3. Nf3 d5 4. Nc3 c5 5. cxd5 exd5 6. Bg5 Be6 7. e3 c4 8. Be2 Bb4 9. O-O O-O 10. Ne5 Nbd7 11. f4 Bxc3 12. bxc3 Bf5 13. g4 Be4 14. Bf3 Bxf3 15. Qxf3 Qa5 16. Nxd7 Nxd7 17. Be7 Rfe8 18. Bb4 Qb5 19. Rfe1 Re4 20. Ba3 Rae8 21. Bc1 Qc6 22. Bd2 Qg6 23. h3 h5 24. Kh2 Nf6 25. gxh5 Qxh5 26. Qg2 g6 27. a4 Kg7 28. a5 Rh8 29. Rab1 Re7 30. Rg1 Qf5 31. Qe2 Qxh3# 0-1


[Site "https://www.chess.com"]

[Event "Titled Tuesday Blitz July 05 Late 2022"]
[White "Salem, A.R. Saleh"]
[Black "Fishbein, Alexander"]
[WhiteFideId "9301348"]
[BlackFideId "2000377"]
[WhiteElo "2679"]
[BlackElo "2410"]
[Result "1-0"]
[Round "04"]
[TimeControl "180+1"]
[Date "2022.07.05"]
[WhiteClock "0:00:17"]
[BlackClock "0:00:06"]

1. d4 Nf6 2. c4 g6 3. Nc3 Bg7 4. e4 d6 5. h3 O-O 6. Be3 a6 7. Nf3 Nbd7 8. Be2 c5 9. O-O cxd4 10. Nxd4 Re8 11. Qc2 b6 12. Rfd1 Bb7 13. Rac1 Rc8 14. Qb1 Qc7 15. b4 Qb8 16. a4 Qa8 17. f3 Ne5 18. Nd5 Ned7 19. Nb3 Nxd5 20. cxd5 Rc3 21. Rxc3 Bxc3 22. Nd4 Rc8 23. Qb3 a5 24. Bb5 Bxb4 25. Bg5 Nc5 26. Qe3 e6 27. Bf6 Rc7 28. e5 dxe5 29. d6 Rd7 30. Bxe5 Qf8 31. Qf4 f6 32. Bxd7 Nxd7 33. Nxe6 Qf7 34. Nd8 Qe8 35. Nxb7 fxe5 36. Qc4+ Qf7 37. Qc7 Kg7 38. Nd8 Qe8 39. Nc6 Bc5+ 40. Kh1 Kh6 41. Ne7 Nf6 42. Qc6 Qxc6 43. Nxc6 Nd7 44. Nxe5 Nxe5 45. d7 Be7 46. d8=Q Bxd8 47. Rxd8 Kg7 48. Rc8 Nd3 49. Rc6 Nc5 50. Rxb6 Nxa4 51. Rb5 Nc3 52. Rxa5 Ne2 53. Ra4 Ng3+ 54. Kh2 Nf5 55. g4 Nd6 56. Kg3 h6 57. Ra7+ Kf6 58. Ra6 Ke7 59. h4 Nf7 60. Ra7+ Kf8 61. Ra5 Kg7 62. Kf4 Nd8 63. Ra7+ Kf6 64. Ra6+ Ne6+ 65. Ke4 Kf7 66. Ke5 Nc5 67. Ra7+ Kg8 68. Kf6 Nd3 69. Kxg6 Ne5+ 70. Kxh6 Nxf3 71. h5 Ne5 72. Kg5 Nf7+ 73. Kf5 1-0


[Site "https://www.chess.com"]

[Event "Titled Tuesday Blitz July 05 Late 2022"]
[White "Sankalp Gupta"]
[Black "Andreikin, Dmitry"]
[WhiteFideId "5097010"]
[BlackFideId "4158814"]
[WhiteElo "2399"]
[BlackElo "2736"]
[Result "0-1"]
[Round "04"]
[TimeControl "180+1"]
[Date "2022.07.05"]
[WhiteClock "0:00:03"]
[BlackClock "0:01:11"]

1. e4 c5 2. Nf3 e6 3. d4 cxd4 4. Nxd4 Nc6 5. Nc3 a6 6. Be3 Nf6 7. a3 Qc7 8. Qf3 Bd6 9. O-O-O Be5 10. g4 h6 11. h4 h5 12. gxh5 b5 13. h6 Rxh6 14. Nxc6 Qxc6 15. Bxh6 gxh6 16. Rg1 Bb7 17. Qe3 Rc8 18. Rd3 Qc7 19. Kb1 Bxe4 20. Rg8+ Nxg8 21. Qxe4 d5 22. Qh7 Ke7 23. Rf3 Nf6 24. Qd3 Bxc3 25. bxc3 Qe5 26. Qd4 Qxd4 27. cxd4 Ne4 28. Kc1 Rg8 29. Bd3 Rg4 30. a4 bxa4 31. Bxa6 Rxh4 32. Ra3 Nxf2 33. Rxa4 h5 34. Bb7 Rf4 35. Kd2 Ng4 36. c3 h4 37. Ra1 h3 38. Ba6 h2 39. Rh1 Rf2+ 40. Be2 Rg2 41. Ke1 Rg1+ 0-1


[Site "https://www.chess.com"]

[Event "Titled Tuesday Blitz July 05 Late 2022"]
[White "Barria Santos, Jose Guilherme"]
[Black "Diaz Rosas, Julio Cesar"]
[WhiteFideId "1939300"]
[BlackFideId "5105099"]
[WhiteElo "2263"]
[BlackElo "2278"]
[Result "0-1"]
[Round "04"]
[TimeControl "180+1"]
[Date "2022.07.06"]
[WhiteClock "0:00:01"]
[BlackClock "0:00:05"]

1. d4 Nf6 2. c4 g6 3. Nc3 d5 4. cxd5 Nxd5 5. e4 Nxc3 6. bxc3 Bg7 7. Bc4 c5 8. Ne2 O-O 9. O-O Nc6 10. Be3 b6 11. Qd2 Bb7 12. Rfd1 Rc8 13. Rac1 e6 14. Bg5 Qd7 15. Bb5 a6 16. Bc4 cxd4 17. cxd4 Na5 18. Bd3 Rxc1 19. Rxc1 Rc8 20. Be3 Bf8 21. h4 Qa4 22. Rxc8 Bxc8 23. Nc3 Qa3 24. Qc2 Nc6 25. Nb1 Qd6 26. d5 exd5 27. exd5 Qxd5 28. Be4 Nb4 29. Qxc8 Qxe4 30. Bh6 Qe1+ 31. Kh2 Qe7 32. Kg1 Nd5 33. Bxf8 Qxf8 34. Qxa6 Qd6 35. Nd2 Nf6 36. Nf3 h5 37. Qc8+ Kg7 38. Qc3 Kg8 39. g3 Ne4 40. Qd4 Qe7 41. Qe3 Qe6 42. Nd4 Qd5 0-1


[Site "https://www.chess.com"]

[Event "Titled Tuesday Blitz July 05 Late 2022"]
[White "Silva, Kaua Marques"]
[Black "Issani, Nameer"]
[WhiteFideId "22701168"]
[BlackFideId "2619130"]
[WhiteElo "2071"]
[BlackElo "2645"]
[Result "0-1"]
[Round "04"]
[TimeControl "180+1"]
[Date "2022.07.06"]
[WhiteClock "0:00:02"]
[BlackClock "0:00:15"]

1. e4 e5 2. Nf3 Nc6 3. Bb5 a6 4. Ba4 Nf6 5. O-O b5 6. Bb3 Be7 7. Re1 O-O 8. a4 Bb7 9. c3 d6 10. d4 Re8 11. Ng5 Rf8 12. Nf3 h6 13. Nbd2 Re8 14. Nf1 Bf8 15. Ng3 g6 16. d5 Ne7 17. Qd3 Qd7 18. c4 b4 19. c5 Qd8 20. c6 Bc8 21. a5 Nh7 22. Ra4 Bg7 23. Rxb4 Rf8 24. Nd2 f5 25. f3 f4 26. Ngf1 g5 27. Bd1 h5 28. Nc4 Qe8 29. Kf2 Qg6 30. Ke2 g4 31. Kd2 g3 32. hxg3 fxg3 33. Kc2 h4 34. Nfe3 Ng5 35. Kb1 h3 36. gxh3 Nxf3 37. Bxf3 Rxf3 38. Qe2 Rf8 39. Nd2 Bxh3 40. Rg1 Rf2 41. Qd3 Raf8 42. Nd1 Rg2 43. Rh1 Rh2 44. Rxh2 gxh2 45. Qxh3 Qh6 46. Qg2 h1=Q 47. Qxh1 Qxh1 48. Rb7 Qxd1 49. Rxc7 Bh6 50. Rxe7 Bxd2 51. c7 Qxc1+ 52. Ka2 Qc4+ 53. Kb1 Qxe4+ 54. Ka2 Qxd5+ 0-1


[Site "https://www.chess.com"]

[Event "Titled Tuesday Blitz July 05 Late 2022"]
[White "Silva Lucena, Cristian"]
[Black "Ambartsumova, Karina"]
[WhiteFideId "2232588"]
[BlackFideId "4166299"]
[WhiteElo "2223"]
[BlackElo "2262"]
[Result "0-1"]
[Round "04"]
[TimeControl "180+1"]
[Date "2022.07.06"]
[WhiteClock "0:00:04"]
[BlackClock "0:00:05"]

1. e4 c5 2. Nf3 e6 3. d4 cxd4 4. Nxd4 a6 5. Bd3 Bc5 6. Nb3 Ba7 7. O-O Ne7 8. c4 O-O 9. Nc3 d6 10. Qe2 e5 11. Be3 Bxe3 12. fxe3 Be6 13. h3 Nbc6 14. Nd5 Rc8 15. a3 Nb8 16. Rf3 Bxd5 17. exd5 f5 18. Raf1 Qd7 19. e4 f4 20. Nd2 Rf6 21. b4 Qc7 22. Kh2 Rcf8 23. Bb1 a5 24. Nb3 axb4 25. axb4 Nd7 26. Rd1 b6 27. Ba2 Ng6 28. c5 bxc5 29. bxc5 Nh4 30. c6 Nxf3+ 31. Qxf3 Nb6 32. Nd2 Rg6 33. Qb3 Nc8 34. Nf3 Ne7 35. Qb7 Qxb7 36. cxb7 Rb8 37. Rb1 Rf6 38. Bc4 h6 39. Ba6 Rff8 40. Rc1 Rfd8 41. Rc7 Ng6 42. h4 Nf8 43. h5 Rd7 44. Rc8 Rbxb7 45. Bxb7 Rxb7 46. Rd8 Rd7 47. Ra8 Kf7 48. Kh3 g5 49. hxg6+ Nxg6 50. Kg4 Kg7 51. Kf5 Re7 52. Rd8 Rf7+ 53. Kg4 Rf6 54. Rd7+ Kg8 55. Kh5 Nf8 56. Rb7 Rg6 57. Nh4 Rg5+ 58. Kxh6 Rg4 59. Nf5 Rg6+ 60. Kh5 Rxg2 61. Nh6+ Kh8 62. Nf7+ Kg8 63. Nxd6 f3 64. Nf7 Rh2+ 65. Kg5 f2 66. Nh6+ Rxh6 67. Kxh6 f1=Q 68. Rg7+ Kh8 69. Rg5 Qh3+ 70. Rh5 Qe3+ 71. Rg5 Nh7 0-1


[Site "https://www.chess.com"]

[Event "Titled Tuesday Blitz July 05 Late 2022"]
[White "Skytte, Rasmus"]
[Black "Timofeev, Artyom"]
[WhiteFideId "1404210"]
[BlackFideId "4140419"]
[WhiteElo "2430"]
[BlackElo "2578"]
[Result "0-1"]
[Round "04"]
[TimeControl "180+1"]
[Date "2022.07.05"]
[WhiteClock "0:00:03"]
[BlackClock "0:00:41"]

1. e4 c6 2. d4 d5 3. Nc3 dxe4 4. Nxe4 Nf6 5. Nxf6+ exf6 6. c3 Bd6 7. Bd3 O-O 8. Qc2 Re8+ 9. Ne2 h6 10. O-O Nd7 11. Bf4 Nf8 12. Bxd6 Qxd6 13. Rae1 Be6 14. Ng3 Rad8 15. b3 b6 16. h3 Qc7 17. Re3 g6 18. Rfe1 f5 19. Re5 Nd7 20. R5e2 Nf6 21. Bc4 Bxc4 22. Rxe8+ Nxe8 23. bxc4 Nf6 24. Nf1 Kg7 25. Nd2 c5 26. d5 Ne8 27. Nf3 Nd6 28. Qe2 Re8 29. Qd3 Qd8 30. Re5 Rxe5 31. Nxe5 Qe8 32. f4 f6 33. Nc6 a5 34. Qb1 Qe3+ 35. Kh1 Nxc4 36. Qb5 Qc1+ 37. Kh2 Qxf4+ 38. Kh1 Ne3 39. Nd8 Qf1+ 40. Qxf1 Nxf1 41. d6 Kf8 42. Ne6+ Ke8 43. Nf4 Kd7 44. Nxg6 Kxd6 0-1


[Site "https://www.chess.com"]

[Event "Titled Tuesday Blitz July 05 Late 2022"]
[White "Swiercz, Dariusz"]
[Black "Barp, Alberto"]
[WhiteFideId "1126881"]
[BlackFideId "872555"]
[WhiteElo "2627"]
[BlackElo "2229"]
[Result "1-0"]
[Round "04"]
[TimeControl "180+1"]
[Date "2022.07.05"]
[WhiteClock "0:01:01"]
[BlackClock "0:00:15"]

1. d4 d5 2. c4 e6 3. Nf3 Nf6 4. g3 Bb4+ 5. Bd2 Be7 6. Bg2 O-O 7. O-O Nbd7 8. Qc2 c6 9. a4 a5 10. Na3 b6 11. cxd5 cxd5 12. Nb5 Ba6 13. Rfc1 Rc8 14. Qb3 Ne4 15. Be1 Rxc1 16. Rxc1 Nd6 17. Bd2 Bxb5 18. axb5 Nc4 19. Be1 Qb8 20. Nd2 Nxd2 21. Bxd2 Rc8 22. Rc6 Bd6 23. Qc2 Rxc6 24. bxc6 Nf6 25. e4 dxe4 26. Bxe4 Nxe4 27. Qxe4 Qc8 28. d5 exd5 29. Qxd5 Qc7 30. Be3 Be7 31. Bf4 Qc8 32. c7 Kf8 33. Qc6 Bc5 34. Bd6+ Bxd6 35. Qxd6+ Ke8 36. Qc6+ Ke7 37. Qxb6 a4 38. Qc6 g6 39. h4 h5 40. Kg2 Kf8 41. Kf1 Ke7 42. Ke1 Kf8 43. Kd2 Ke7 44. Kc3 Kf8 45. Qd6+ Ke8 46. Qd8+ Qxd8 47. cxd8=Q+ Kxd8 48. Kb4 1-0


[Site "https://www.chess.com"]

[Event "Titled Tuesday Blitz July 05 Late 2022"]
[White "Tabatabaei, M. Amin"]
[Black "Dilanyan, Grigor"]
[WhiteFideId "12521213"]
[BlackFideId "13303570"]
[WhiteElo "2544"]
[BlackElo "2279"]
[Result "0-1"]
[Round "04"]
[TimeControl "180+1"]
[Date "2022.07.05"]
[WhiteClock "0:00:11"]
[BlackClock "0:00:56"]

1. c4 e5 2. Nc3 Bb4 3. g3 Bxc3 4. dxc3 d6 5. Bg2 Nc6 6. Nf3 Be6 7. b3 Qd7 8. h3 f6 9. e4 Nge7 10. g4 h5 11. g5 f5 12. Nh4 O-O-O 13. exf5 Nxf5 14. Nxf5 Bxf5 15. Be3 e4 16. Qd5 Rhe8 17. O-O-O Re5 18. Qd2 Ra5 19. b4 Ra4 20. Qc2 Ne5 21. Rd4 Nd3+ 22. Kb1 Re8 23. c5 d5 24. Ka1 Ra3 25. h4 Kb8 26. Rb1 Qb5 27. Bf1 c6 28. Rb3 Ra6 29. Kb1 Ra4 30. c4 dxc4 31. Qxc4 Qxc4 32. Rxc4 Rd8 33. a3 a5 34. Bxd3 exd3 35. Kc1 Be6 36. Bf4+ Kc8 37. Re4 Bxb3 38. Re7 Rf8 39. Bd6 Rxf2 0-1


[Site "https://www.chess.com"]

[Event "Titled Tuesday Blitz July 05 Late 2022"]
[White "Tanenbaum, Zachary"]
[Black "Eynullayev, Altay"]
[WhiteFideId "2060850"]
[BlackFideId "13413562"]
[WhiteElo "2175"]
[BlackElo "2079"]
[Result "0-1"]
[Round "04"]
[TimeControl "180+1"]
[Date "2022.07.06"]
[WhiteClock "0:00:04"]
[BlackClock "0:00:27"]

1. e4 c5 2. Nf3 d6 3. d4 cxd4 4. Nxd4 Nf6 5. Nc3 a6 6. Be3 e5 7. Nb3 Be7 8. h3 O-O 9. g4 b5 10. g5 Nfd7 11. Qd2 Bb7 12. O-O-O Nb6 13. h4 b4 14. Nd5 Bxd5 15. exd5 a5 16. Kb1 a4 17. Nc1 f5 18. gxf6 Bxf6 19. Qxb4 N8d7 20. Bh3 a3 21. b3 Na4 22. Ne2 Ndc5 23. Be6+ Kh8 24. Bg5 Rb8 25. Qg4 Qa5 26. Bxf6 Rxf6 27. Rhg1 Rb7 28. Rg3 e4 29. Nd4 Nc3+ 30. Kc1 Nxa2+ 31. Kb1 Nc3+ 32. Kc1 a2 33. Kb2 Nxd1+ 34. Qxd1 Rxf2 35. Nc6 a1=Q+ 36. Qxa1 Rxc2+ 37. Kxc2 Qxa1 38. Rg5 Qa2+ 39. Kc3 Rxb3+ 40. Kd4 Qd2+ 41. Kc4 Qd3# 0-1


[Site "https://www.chess.com"]